AoeStats
← MR. Pluton

Arena

510823725Analyzed
4v4 RM · 12h ago on Oct 2, 2026· 74m 13s· 8 players
Game mode
Random Map
Map size
Large (8 player)
Population
200
Speed
Normal
Resources
Standard
Victory
Conquest
Starting age
Dark Age
Ending age
Imperial Age
RankedLock teamsTeams togetherTeam positionsShared explorationLock speedFull tech treeHidden civsTurbo modeCheats
Victory
Defeat
🇹🇷 Celts · Türkiye
877
+18
🇹🇷 Teutons · Türkiye
873
+18
🇹🇷 Persians · Türkiye
873
+18
🇹🇷 Goths · Türkiye
839
+19
🇦🇷 Koreans · Argentina
924
-18
🇵🇪 Chinese · Peru
922
-19
🇨🇳 Britons · China
922
-19
🇪🇸 Romans · Spain
887
-17
TENNOSUKE
11:23 Feudal Age
15:36 Castle Age
13:44 Double-Bit Axe
14:20 Horse Collar
18:17 Heavy Plow
18:36 Bow Saw
24:35 Wheelbarrow
25:39 Hand Cart
25:19 Gold Mining
25:21 Stone Mining
30:19 Imperial Age
28:02 Forging
27:54 Scale Mail Armor
28:59 Gold Shaft Mining
28:18 Man-at-Arms
29:38 Iron Casting
29:09 Scale Barding Armor
28:57 Light Cavalry
30:03 Ballistics
31:04 Chain Mail Armor
30:58 Long Swordsman
32:56 Blast Furnace
32:30 Crop Rotation
33:08 Chemistry
32:31 Chain Barding Armor
32:16 Squires
32:07 Legionary
32:32 Heavy Scorpion
33:49 Ballistas
34:22 Bloodlines
35:06 Pikeman
36:14 Halberdier
38:43 Elite Centurion
Aldous Barbarossa
9:24 Loom
11:24 Feudal Age
15:35 Castle Age
13:36 Double-Bit Axe
14:00 Horse Collar
17:17 Wheelbarrow
18:11 Bow Saw
21:46 Heavy Plow
23:02 Hand Cart
23:46 Gold Mining
28:00 Gold Shaft Mining
31:45 Imperial Age
29:27 Squires
30:54 Eupseong
30:29 Pikeman
31:47 Arson
32:33 Scale Mail Armor
32:25 Fletching
32:46 Forging
32:43 Scale Barding Armor
33:01 Ballistics
32:52 Fortified Wall
33:43 Chemistry
33:51 Conscription
33:45 Murder Holes
34:02 Fortified Wall
33:17 Halberdier
35:09 Chain Mail Armor
34:50 Bodkin Arrow
36:14 Two-Man Saw
43:24 Plate Mail Armor
42:55 Bracer
44:18 Iron Casting
LaTO
10:14 Feudal Age
11:00 Double-Bit Axe
11:03 Horse Collar
20:26 Castle Age
20:41 Gold Mining
20:43 Stone Mining
21:58 Arson
23:59 Bow Saw
25:01 Forging
26:26 Gold Shaft Mining
27:02 Wheelbarrow
31:37 Imperial Age
30:10 Fletching
32:19 Iron Casting
32:24 Fortified Wall
35:00 Two-Man Saw
35:05 Hand Cart
36:17 Ballistics
36:00 Heavy Scorpion
37:19 Elite Fire Lancer
39:40 Chemistry
39:14 Caravan
38:59 Heavy Rocket Cart
40:20 Loom
41:32 Capped Ram
48:54 Blast Furnace
Leo
9:26 Feudal Age
10:06 Double-Bit Axe
20:12 Castle Age
18:13 Stone Mining
24:48 Bow Saw
32:16 Imperial Age
30:46 Fortified Wall
32:22 Ballistics
32:20 Fletching
35:56 Siege Engineers
39:42 Gold Mining
41:25 Gold Shaft Mining
40:55 Warwolf
41:18 Conscription
43:11 Chemistry
44:13 Bodkin Arrow
45:18 Yeomen
45:41 Wheelbarrow
47:35 Bracer
56:00 Hand Cart
55:27 Horse Collar
56:48 Two-Man Saw
57:31 Treadmill Crane
57:52 Elite Longbowman
59:04 Heavy Plow
60:44 Caravan
60:40 Town Watch
65:41 Hoardings
66:42 Pikeman
67:23 Squires
67:09 Gambesons
67:17 Halberdier
69:55 Arson
71:02 Scale Mail Armor
71:17 Forging
72:01 Chain Mail Armor
73:56 Iron Casting
74:29 Plate Mail Armor
MR. Pluton
12:49 Feudal Age
11:05 Loom
16:50 Castle Age
14:47 Double-Bit Axe
14:43 Horse Collar
26:10 Town Watch
27:01 Wheelbarrow
30:42 Imperial Age
28:34 Bow Saw
28:26 Heavy Plow
28:17 Gold Mining
28:21 Stone Mining
29:11 Scale Barding Armor
29:17 Forging
29:08 Padded Archer Armor
28:58 Fletching
29:34 Ballistics
29:39 Town Patrol
30:31 Bloodlines
30:48 Hand Cart
34:42 Chemistry
33:28 Cavalier
34:43 Chain Barding Armor
36:04 Plate Barding Armor
36:05 Iron Casting
41:11 Two-Man Saw
40:43 Crop Rotation
40:51 Stone Shaft Mining
43:29 Bodkin Arrow
43:49 Leather Archer Armor
43:37 Elite Skirmisher
45:20 Paladin
47:00 Conscription
47:27 Ring Archer Armor
54:00 Blast Furnace
69:01 Siege Engineers
69:17 Bombard Tower
69:09 Masonry
rattletaine
6:45 Loom
11:43 Feudal Age
16:53 Castle Age
14:56 Double-Bit Axe
14:54 Horse Collar
15:07 Stone Mining
17:12 Gold Mining
24:32 Wheelbarrow
24:09 Bow Saw
24:03 Heavy Plow
25:38 Hand Cart
27:50 Pikeman
31:41 Imperial Age
29:54 Stronghold
31:06 Gold Shaft Mining
31:06 Stone Shaft Mining
31:00 Gambesons
32:19 Forging
32:09 Scale Mail Armor
32:10 Padded Archer Armor
32:01 Fletching
33:19 Ballistics
34:00 Chemistry
33:19 Furor Celtica
37:14 Man-at-Arms
37:15 Halberdier
38:57 Heavy Scorpion
44:37 Iron Casting
44:18 Chain Mail Armor
44:00 Heavy Scorpion
49:01 Blast Furnace
54:47 Plate Mail Armor
Makinaci
12:20 Feudal Age
13:09 Double-Bit Axe
15:50 Castle Age
17:24 Wheelbarrow
17:17 Bow Saw
21:58 Horse Collar
22:15 Gold Mining
24:51 Stone Mining
25:39 Gold Shaft Mining
28:43 Imperial Age
26:43 Hand Cart
26:58 Masonry
27:43 Heavy Plow
28:41 Stone Shaft Mining
28:52 Ballistics
28:34 Caravan
30:43 Chemistry
30:47 Crop Rotation
31:20 Two-Man Saw
30:30 Scale Barding Armor
30:36 Forging
30:26 Scale Mail Armor
30:59 Architecture
30:09 Pikeman
30:49 Squires
30:35 Arson
31:48 Husbandry
32:31 Bloodlines
31:41 Cavalier
31:55 Halberdier
34:48 Chain Barding Armor
35:28 Iron Casting
38:19 Plate Barding Armor
38:44 Blast Furnace
38:00 Chain Mail Armor
38:43 Savar
39:38 Elite Skirmisher
50:27 Padded Archer Armor
50:18 Fletching
52:12 Leather Archer Armor
51:52 Bodkin Arrow
Ahmett
10:06 Feudal Age
10:56 Double-Bit Axe
14:16 Horse Collar
16:08 Wheelbarrow
17:00 Gold Mining
21:48 Castle Age
24:53 Stone Mining
28:53 Imperial Age
28:27 Ballistics
31:23 Anarchy
31:25 Perfusion
31:46 Conscription
33:08 Scale Mail Armor
33:19 Forging
34:22 Chemistry
33:14 Pikeman
34:40 Halberdier
37:04 Elite Huskarl
49:21 Squires
Connection lost

Rejoining the realm…

Still unreachable

The connection could not be restored.

Session expired

The server has moved on; the page needs a fresh start.